 Dungeon Crawl Stone Soup version 0.20.1-1-g8b1a95d (webtiles) character file.

181 mopl the Covered (level 5, -3/42 HPs)
             Began as a Formicid Wanderer on Sept 22, 2017.
             Was a Follower of Uskayaw.
             Slain by Menkaure (4 damage)
             ... on level 4 of the Dungeon.
             The game lasted 00:04:13 (2892 turns).

mopl the Covered (Formicid Wanderer)                Turns: 2892, Time: 00:04:14

Health: -3/42      AC:  9    Str: 17    XL:     5   Next: 92%
Magic:  6/6        EV:  9    Int: 10    God:    Uskayaw [*.....]
Gold:   206        SH:  0    Dex: 12    Spells: 4/4 levels left

rFire    . . .     SeeInvis +   e - +1 spear (vamp)
rCold    . . .     Gourm    .   (no shield)
rNeg     + . .     Faith    .   a - +2 scale mail
rPois    .         Spirit   .   (helmet unavailable)
rElec    .         Reflect  .   (no cloak)
rCorr    .         Harm     .   (no gloves)
MR       .....                  (no boots)
Stlth    ..........             (no amulet)
Regen    0.2/turn               m - ring of positive energy
MPRegen  0.1/turn               (no ring)

@: no status effects
A: permanent stasis, dig shafts and tunnels, four strong arms, antennae 3
a: Dig, Shaft Self, Stomp, Renounce Religion


You were on level 4 of the Dungeon.
You worshipped Uskayaw.
Uskayaw was noncommittal.
You were not hungry.

You visited 1 branch of the dungeon, and saw 4 of its levels.

You collected 206 gold pieces.

Inventory:

Hand Weapons
 d - a +0 blowgun
 e - a +1 vampiric spear (weapon)
 o - a +0 hand axe
Missiles
 c - 14 poisoned needles
Armour
 a - a +2 scale mail (worn)
Jewellery
 m - a ring of positive energy (left hand)
Scrolls
 g - a scroll of teleportation {unknown}
 i - 2 scrolls of amnesia {unknown}
 j - 2 scrolls of enchant weapon {unknown}
 k - 3 scrolls of identify {unknown}
 t - a scroll of remove curse {unknown}
 v - a scroll of noise {unknown}
Potions
 b - 4 potions of curing
 l - 4 potions of might {unknown}
 p - 2 potions of heal wounds {unknown}
 r - a potion of cancellation {unknown}
 s - a potion of mutation {unknown}
Comestibles
 f - 2 bread rations
 h - 2 meat rations
 n - 2 fruits
 q - a royal jelly
 u - 3 chunks of flesh


   Skills:
 + Level 3.8 Fighting
 * Level 2.2 Axes
 - Level 1.0 Throwing
 + Level 4.6 Armour
   Level 1.0 Air Magic
   Level 2.4 Earth Magic
 + Level 2.1 Invocations
   Level 1.1 Evocations


You had 4 spell levels left.
You didn't know any spells.

Dungeon Overview and Level Annotations

Branches:
Dungeon (4/15)
 Temple: D:4-7

Altars:
Dithmenos
Qazlal
Ru
Uskayaw
Yredelemnul

Shops:
D:4 (

Annotations:
D:4 Menkaure


Innate Abilities, Weirdness & Mutations

You cannot be hasted, slowed, berserked, paralysed or teleported.
You can dig through walls and to a lower floor.
Your four strong arms can wield two-handed weapons with a shield.
You have a pair of large antennae on your head. (SInv)


Message History

You hit Menkaure but do no damage. Menkaure hits you!!
Ouch! That really hurt!
Menkaure whispers, "It doesn't hurt if you pull your brain out of your nose yourself."
Menkaure points at you and mumbles some strange words.
Pain shoots through your body!
You are too injured to fight recklessly!
You are too injured to fight recklessly!
You hit Menkaure.
Menkaure is moderately damaged.
Menkaure calls on the powers of darkness!
Your body is wracked with pain!
* * * LOW HITPOINT WARNING * * *
You hit Menkaure.
Menkaure is moderately damaged.
Menkaure hits you!
* * * LOW HITPOINT WARNING * * *
You hit Menkaure but do no damage.
Menkaure is moderately damaged.
Menkaure hits you.
You die...

.# ... #.#.............
.# .. #.######..#####.
## #.# #..# #.# #..# ##
#.#####.#### #..#####..#
...........# #..).).....
........##.# #..#####...
#.#####.##.###..........
#......@M.....∩.#####...
#.#####+#..###..#
#......# #..# #......#
#..# #......# #..#
#....... ...#
#............
..............
..##M.......


You could see Menkaure.

Vanquished Creatures
  4 orc wizards
  A worker ant (D:3)
  2 adders
  A dart slug (D:1)
  5 leopard geckos
  4 orcs
  A ball python (D:2)
  2 giant cockroaches
  5 goblins
  4 hobgoblins
  3 kobolds (D:1)
  2 quokkas (D:3)
  3 bats
  6 frilled lizards
  A quokka skeleton (D:4)
  6 rats
50 creatures vanquished.

Notes
Turn   | Place    | Note
-------+----------+-------------------------------------------
     0 | D:1      | mopl the Formicid Wanderer began the quest for the Orb.
     0 | D:1      | mopl set off with: a +2 scale mail, a potion of curing, 14 poisoned needles, a +0 blowgun, a bread ration
     0 | D:1      | Reached XP level 1. HP: 16/16 MP: 1/1
   608 | D:1      | Reached XP level 2. HP: 14/23 MP: 2/2
  1116 | D:2      | Reached skill level 3 in Fighting
  1116 | D:2      | Reached XP level 3. HP: 13/29 MP: 3/3
  1160 | D:2      | Found a basalt altar of Yredelemnul.
  1312 | D:2      | Reached skill level 4 in Armour
  1458 | D:2      | Found a sacrificial altar of Ru.
  1458 | D:2      | Found a stormy altar of Qazlal.
  1462 | D:2      | Found a shadowy altar of Dithmenos.
  1463 | D:2      | Found a hide-covered altar of Uskayaw.
  1547 | D:2      | Became a worshipper of Uskayaw the Reveler
  1588 | D:3      | Reached * piety under Uskayaw
  1680 | D:3      | Reached ** piety under Uskayaw
  1744 | D:3      | Reached XP level 4. HP: 18/35 MP: 4/4
  1957 | D:3      | Reached skill level 1 in Invocations
  1978 | D:3      | Reached skill level 1 in Axes
  2283 | D:3      | Reached XP level 5. HP: 36/41 MP: 6/6
  2800 | D:4      | Found Mowkuuli's Weapon Emporium.
  2817 | D:4      | Reached skill level 2 in Invocations
  2826 | D:4      | Reached *** piety under Uskayaw
  2832 | D:4      | Reached skill level 2 in Axes
  2878 | D:4      | Noticed Menkaure
  2891 | D:4      | HP: 1/42 [Menkaure (9)]
  2892 | D:4      | Slain by Menkaure

Skill      XL: |  1  2  3  4  5 |
---------------+----------------+-----
Fighting       | 3 |  3.8
Armour         | 4 |  4.6
Invocations    | 1 2 |  2.1
Axes           | 1 2 |  2.2
Throwing       | |  1.0
Air Magic      | |  1.0
Earth Magic    | |  2.4
Evocations     | |  1.1

Action                   |  1- 3 |  4- 6 || total
-------------------------+-------+-------++-------
Melee: Unarmed           |    82 |       ||    82
       Spear             |    97 |   128 ||   225
Invok: Line Pass         |       |     1 ||     1
 Stab: Paralysed         |       |     1 ||     1
  Eat: Chunk             |     3 |     4 ||     7
       Bread ration      |     1 |       ||     1
Armor: Scale mail        |    98 |    60 ||   158
Dodge: Dodged            |   113 |    39 ||   152
